 Dungeon Crawl Stone Soup version 0.20-a0-871-g785f14b (webtiles) character file.

6605 nubinia the Thaumaturge (level 10, -2/46 HPs)
             Began as a Spriggan Earth Elementalist on Mar 13, 2017.
             Was an Elder of Sif Muna.
             Slain by a catoblepas (13 damage)
             ... on level 11 of the Dungeon on Mar 14, 2017.
             The game lasted 00:58:04 (10997 turns).

nubinia the Thaumaturge (SpEE)                     Turns: 10997, Time: 00:58:05

Health: -2/46      AC:  5    Str:  4    XL:     10   Next: 71%
Magic:  25/27      EV:  4    Int: 20    God:    Sif Muna [****..]
Gold:   629        SH:  0    Dex: 17    Spells: 13/33 levels left

rFire    . . .     SeeInvis +   W - +2 dagger (speed)
rCold    . . .     Gourm    .   y - +1 robe
rNeg     + + +     Faith    .   (shield restricted)
rPois    ∞         Spirit   .   (helmet restricted)
rElec    .         Reflect  .   t - +1 cloak
rCorr    +         Harm     .   (gloves unavailable)
MR       +....                  (boots unavailable)
Stlth    +++.......             D - amulet of magic regeneration
Regen    0.2/turn               (no ring)
MPRegen  0.3/turn               u - ring of resist corrosion

@: about to teleport, petrified, divine energy, very quick
A: unfitting armour, see invisible, herbivore 3, speed 3, sense surroundings 1,
slow metabolism 2
a: Stop Divine Energy, Channel Magic, Forget Spell, Renounce Religion


You were on level 11 of the Dungeon.
You worshipped Sif Muna.
Sif Muna was greatly pleased with you.
You were hungry.

You visited 2 branches of the dungeon, and saw 12 of its levels.

You collected 629 gold pieces.

Inventory:

Hand Weapons
 a - a +0 short sword
 b - a +0 blowgun
 N - a cursed +4 short sword
 W - a +2 dagger of speed (weapon)
Missiles
 s - 77 poisoned needles
 A - 245 stones (quivered)
 I - 3 curare-tipped needles
Armour
 c - a +0 robe
 t - a +1 cloak (worn)
 x - a +0 buckler
 y - a +1 robe (worn)
Jewellery
 u - a ring of resist corrosion (left hand)
 D - an amulet of magic regeneration (around neck)
 L - a +3 amulet of reflection
Wands
 g - a wand of digging (5/24)
 B - a wand of polymorph (1/24)
 M - a wand of disintegration (17/24)
 Q - a wand of lightning (8/15)
Scrolls
 f - 7 scrolls of teleportation
 i - 3 scrolls of remove curse
 j - 3 scrolls of fear
 k - 3 scrolls of amnesia
 n - 4 scrolls of identify
 r - a scroll of immolation {unknown}
 z - a scroll of blinking {unknown}
 F - a scroll of enchant armour
 G - a scroll of noise {unknown}
 H - a scroll of enchant weapon {unknown}
 K - a scroll of vulnerability {unknown}
 P - a scroll of silence {unknown}
 R - a scroll of magic mapping {unknown}
Potions
 h - a potion of haste
 l - 4 potions of lignification
 m - 4 potions of curing
 o - a potion of invisibility
 p - 3 potions of resistance
 v - a potion of mutation
 w - 2 potions of agility
 C - a potion of flight
 E - 3 potions of brilliance
 V - a potion of heal wounds
Books
 e - a book of Geomancy

   Spells                             Type                      Level
   a - Sandblast                      Earth                        1
   b - Passwall                       Transmutation/Earth          2
   c - Stone Arrow                    Conjuration/Earth            3
   d - Petrify                        Transmutation/Earth          4
   e - Lee's Rapid Deconstruction     Earth                        5
 O - a book of Callings

   Spells                             Type                      Level
   a - Summon Small Mammal            Summoning                    1
   b - Call Imp                       Summoning                    2
   c - Call Canine Familiar           Summoning                    3
   d - Summon Guardian Golem          Hexes/Summoning              3
   e - Summon Lightning Spire         Summoning/Air                4
   f - Summon Ice Beast               Ice/Summoning                4
 S - a book of Party Tricks

   Spells                             Type                      Level
   a - Summon Butterflies             Summoning                    1
   b - Apportation                    Translocation                1
   c - Lesser Beckoning               Translocation                3
   d - Tukima's Dance                 Hexes                        3
   e - Alistair's Intoxication        Transmutation/Poison         5
   f - Invisibility                   Hexes                        6
 T - a book of Necromancy

   Spells                             Type                      Level
   a - Pain                           Necromancy                   1
   b - Animate Skeleton               Necromancy                   1
   c - Vampiric Draining              Necromancy                   3
   d - Regeneration                   Charms/Necromancy            3
   e - Animate Dead                   Necromancy                   4
   f - Control Undead                 Necromancy                   4
 U - a book of Debilitation

   Spells                             Type                      Level
   a - Corona                         Hexes                        1
   b - Slow                           Hexes                        2
   c - Inner Flame                    Hexes/Fire                   3
   d - Portal Projectile              Hexes/Translocation          3
   e - Cause Fear                     Hexes                        4
   f - Leda's Liquefaction            Hexes/Earth                  4
Comestibles
 d - 6 bread rations
 q - 25 fruits
 J - 5 royal jellies


   Skills:
 + Level 1.5 Fighting
 + Level 4.5 Short Blades
 + Level 5.8 Dodging
 + Level 5.6 Stealth
 * Level 12.0 Spellcasting
 + Level 1.0 Conjurations
 * Level 4.1 Hexes
 * Level 5.1 Translocations
 * Level 7.9 Transmutations
 + Level 7.3 Earth Magic


You had 13 spell levels left.
You knew the following spells:

 Your Spells              Type           Power        Failure   Level  Hunger
a - Sandblast             Erth           #####.       1%          1    None
b - Stone Arrow           Conj/Erth      ####..       3%          3    None
c - Petrify               Tmut/Erth      #####...     2%          4    #......
d - Apportation           Tloc           ####..       1%          1    None
e - Portal Projectile     Hex/Tloc       ####..       2%          3    None
l - Lee's Rapid Deconstr  Erth           #####.....   10%         5    ####...
p - Passwall              Tmut/Erth      #####.....   1%          2    None
S - Animate Skeleton      Necr           N/A          6%          1    None


Dungeon Overview and Level Annotations

Branches:
Dungeon (11/15)            Temple (1/1) D:5
   Lair: D:8-11         Orc: D:9-12

Altars:
Ashenzari
Cheibriados
Dithmenos
Elyvilon
Fedhas
Gozag
Hepliaklqana
Kikubaaqudgha
Makhleb
Nemelex Xobeh
Okawaru
Qazlal
Ru
Sif Muna
Trog
Uskayaw
Vehumet
Wu Jian
Xom
Yredelemnul
Zin
The Shining One

Shops:
D:5 ?

Annotations:
D:8 Erica, Gastronok


Innate Abilities, Weirdness & Mutations

You are very small and have problems with some larger weapons.
You are too small for most types of armour.
You have supernaturally acute eyesight. (SInv)
You are a herbivore.
You cover ground extremely quickly.
You need consume almost no food.
You passively map a small area around you.


Message History

The blast of calcifying dust hits you!
The yak is engulfed in calcifying dust.
The catoblepas breathes a plume of calcifying dust at you.
The blast of calcifying dust hits you!
The helpless yak fails to defend itself.
You impale the yak!!
The yak is heavily wounded.
You are engulfed in calcifying dust.
You are slowing down.
The catoblepas breathes a plume of calcifying dust at you.
The blast of calcifying dust hits you!
Your limbs are stiffening.
As you read the scroll of teleportation, it crumbles to dust.
You feel strangely unstable.
You have turned to stone.
The catoblepas breathes a plume of calcifying dust at you.
The blast of calcifying dust hits you!
You are engulfed in calcifying dust.
The catoblepas gores you!
* * * LOW HITPOINT WARNING * * *
You are engulfed in calcifying dust.
The catoblepas gores you!!
You die...

....##..##....>..........##.....#
.##.##..##)################..####
###.##..##.........########..#...
##.......#.....##..#.........#..#
#.####.###.(.......###'#######...
.##.########.....................
...........'.#.....#..#..........
§###########.....Y...............
§...............@Y.§.............
#..#.....###...##§..#..#..#......
...............§§§...............
#################################


You could see a catoblepas and a yak (petrified).

Vanquished Creatures
  Pikel (D:5)
  A cyclops (D:11)
  Maurice (D:9)
  A centaur skeleton (D:11)
  A gargoyle (D:10)
  2 trolls (D:11)
  A shadow (D:11)
  6 yaks
  A wyvern (D:10)
  A hungry ghost (D:11)
  A water moccasin (D:9)
  2 black bears
  An orc warrior (D:6)
  A sky beast (D:9)
  A phantom (D:4)
  5 ogres
  4 centaurs (D:11)
  A big kobold (D:11)
  3 bullfrogs
  A gnoll sergeant (D:8)
  6 scorpions
  5 killer bees (D:10)
  4 wights
  2 howler monkeys
  A crimson imp (D:6)
  A centaur zombie (D:9)
  A bullfrog skeleton (D:10)
  An orc priest (D:5)
  3 hounds
  2 jellies (D:11)
  3 orc wizards (D:11)
  7 worker ants
  A worker ant zombie (D:10)
  3 gnolls (D:8)
  A howler monkey skeleton (D:7)
  11 adders
  An ooze (D:1)
  2 adder skeletons (D:6)
  A worm (D:4)
  2 dart slugs (D:1)
  6 leopard geckos
  6 orcs
  9 bats
  14 giant cockroaches
  8 goblins
  7 hobgoblins
  11 jackals
  4 quokkas
  8 kobolds
  A leopard gecko skeleton (D:5)
  A leopard gecko zombie (D:5)
  A quokka skeleton (D:4)
  9 rats
179 creatures vanquished.

Vanquished Creatures (others)
  A phantom (D:6)
  A shadow imp (D:6)
  A bush (D:9)
  3 plants (D:9)
6 creatures vanquished.

Grand Total: 185 creatures vanquished

Notes
Turn   | Place    | Note
-------+----------+-------------------------------------------
     0 | D:1      | nubinia the Spriggan Earth Elementalist began the quest for the Orb.
     0 | D:1      | Reached XP level 1. HP: 9/9 MP: 5/5
   196 | D:1      | Reached XP level 2. HP: 13/13 MP: 2/6
   235 | D:1      | Learned a level 2 spell: Passwall
   336 | D:1      | Reached skill level 3 in Spellcasting
   582 | D:1      | Reached XP level 3. HP: 15/16 MP: 8/8
  1250 | D:2      | Found a glowing golden altar of the Shining One.
  1636 | D:2      | Learned a level 3 spell: Stone Arrow
  1779 | D:2      | Found a hide-covered altar of Uskayaw.
  1804 | D:2      | Reached XP level 4. HP: 21/21 MP: 4/10
  1857 | D:2      | Learned a level 4 spell: Petrify
  1858 | D:2      | Found a snail-covered altar of Cheibriados.
  2118 | D:2      | Found an iron altar of Okawaru.
  2182 | D:2      | Reached skill level 1 in Short Blades
  2325 | D:3      | Found an opulent altar of Gozag.
  2929 | D:3      | Upgraded the game from 0.20-a0-870-g4070442 to 0.20-a0-871-g785f14b
  3097 | D:4      | Gained mutation: You passively map a small area around you. [potion of mutation]
  3340 | D:4      | Noticed an ogre
  3345 | D:4      | Reached skill level 4 in Spellcasting
  3345 | D:4      | Reached XP level 5. HP: 25/25 MP: 7/12
  3362 | D:4      | Killed an ogre
  3616 | D:4      | Reached XP level 6. HP: 29/29 MP: 7/13
  3661 | D:4      | Found a shadowy altar of Dithmenos.
  3749 | D:5      | Entered Level 5 of the Dungeon
  3986 | D:5      | Reached XP level 7. HP: 25/32 MP: 8/15
  4137 | D:5      | Found a staircase to the Ecumenical Temple.
  4153 | Temple   | Entered the Ecumenical Temple
  4327 | Temple   | Became a worshipper of Sif Muna the Loreminder
  4766 | D:4      | Reached skill level 5 in Spellcasting
  5026 | D:5      | Found Hotishay's Magic Scroll Boutique.
  5321 | D:6      | Reached skill level 6 in Spellcasting
  5326 | D:6      | Noticed Pikel
  5384 | D:5      | Killed Pikel
  5384 | D:5      | Reached * piety under Sif Muna
  5384 | D:5      | Reached skill level 7 in Spellcasting
  5384 | D:5      | Reached skill level 5 in Transmutations
  5384 | D:5      | Reached skill level 5 in Earth Magic
  5384 | D:5      | Reached XP level 8. HP: 37/37 MP: 1/20
  5566 | D:6      | Reached skill level 8 in Spellcasting
  5759 | D:6      | You fall through a shaft for 2 floors!
  6237 | D:6      | Found a glowing silver altar of Zin.
  6264 | D:6      | Found a burning altar of Makhleb.
  6697 | D:7      | Reached skill level 1 in Fighting
  6697 | D:7      | Reached skill level 9 in Spellcasting
  6964 | D:7      | Found a hazy altar of Hepliaklqana.
  7190 | D:8      | Found a shimmering altar of Xom.
  7206 | D:8      | Noticed Erica
  7234 | D:8      | Noticed Gastronok
  7276 | D:8      | Reached ** piety under Sif Muna
  7394 | D:8      | Reached XP level 9. HP: 41/41 MP: 20/23
  7503 | D:8      | Found a bloodstained altar of Trog.
  7720 | D:8      | Reached skill level 5 in Dodging
  8077 | D:9      | Learned a level 1 spell: Apportation
  8106 | D:9      | Found a blossoming altar of Fedhas.
  8119 | D:9      | Learned a level 5 spell: Lee's Rapid Deconstruction
  8350 | D:9      | Noticed Maurice
  8357 | D:9      | Killed Maurice
  8357 | D:9      | Reached skill level 10 in Spellcasting
  8357 | D:9      | Reached skill level 1 in Translocations
  8700 | D:10     | Entered Level 10 of the Dungeon
  8726 | D:10     | Noticed a gargoyle
  8743 | D:10     | Killed a gargoyle
  8743 | D:10     | Reached skill level 5 in Stealth
  8947 | D:10     | Learned a level 1 spell: Animate Skeleton
  9027 | D:10     | Learned a level 3 spell: Portal Projectile
  9042 | D:10     | Reached *** piety under Sif Muna
  9167 | D:10     | Reached skill level 1 in Hexes
  9851 | D:11     | Noticed a purple ugly thing
  9876 | D:10     | Reached XP level 10. HP: 31/46 MP: 7/25
 10226 | D:11     | Reached skill level 11 in Spellcasting
 10386 | D:11     | Reached **** piety under Sif Muna
 10600 | D:11     | Reached skill level 1 in Conjurations
 10678 | D:11     | Reached skill level 5 in Translocations
 10718 | D:11     | Noticed a cyclops
 10722 | D:11     | Noticed a catoblepas
 10842 | D:11     | Killed a cyclops
 10842 | D:11     | Reached skill level 12 in Spellcasting
 10997 | D:11     | Slain by a catoblepas

Vault maps used:
D:1:      evilmike_arrival_rings
D:2:      minmay_roachtagon, lemuel_crystal_altar,
          eat_drink_and_be_merry_uskayaw, cheibriados_altar_1,
          overflow_temple_1_default
D:3:      first_bread, serial_corexii_hall, corexii_hall_statues_i,
          corexii_hall_statues_u, minmay_stone_trees_medium,
          grunt_gozag_breadcrumbs
D:4:      grunt_dithmenos_shadows, due_unseen_surprise
D:5:      minmay_temple_entry_overgrown, serial_shops, shop
D:6:      zin_statuary, lightli_temple_of_fire, lemuel_another_geyser,
          uniq_pikel
D:7:      lemuel_crystal_altar, minmay_misc_feat_five, minmay_misc_feat_alley
D:8:      kennysheep_mini_moat, kennysheep_little_box, uniq_gastronok,
          uniq_erica
D:9:      fedhas_altar_decomposition, uniq_maurice
D:11:     hangedman_cross_cluster
Temple:   chequers_temple_sunken

Skill      XL: |  1  2  3  4  5  6  7  8  9 10 |
---------------+-------------------------------+-----
Earth Magic    | 3 4 5 6 7 |  7.3
Spellcasting   | 3 4 7 9 10 12 | 12.0
Short Blades   | 1 3 4 |  4.5
Dodging        | 4 5 |  5.8
Transmutations | 2 3 4 5 6 7 |  7.9
Fighting       | 1 |  1.5
Stealth        | 4 5 |  5.6
Translocations | 3 5 |  5.1
Hexes          | 2 4 |  4.1
Conjurations   | 1 |  1.0

Action                   |  1- 3 |  4- 6 |  7- 9 | 10-12 || total
-------------------------+-------+-------+-------+-------++-------
Melee: Short sword       |    80 |   192 |   169 |     1 ||   442
       Dagger            |       |       |       |    11 ||    11
 Cast: Sandblast         |    43 |    46 |   134 |    45 ||   268
       Stone Arrow       |     1 |     4 |    27 |    30 ||    62
       Passwall          |       |     2 |     1 |     2 ||     5
       Lee's Rapid Decon |       |       |     3 |       ||     3
       Petrify           |       |       |     2 |     3 ||     5
Invok: Divine Energy     |       |       |     1 |       ||     1
Evoke: Wand              |       |       |       |     2 ||     2
  Use: Scroll            |     3 |     7 |     5 |     2 ||    17
       Potion            |     2 |     3 |     1 |       ||     6
 Stab: Sleeping          |     2 |     5 |     7 |     3 ||    17
       Petrified         |       |       |     4 |     7 ||    11
  Eat: Royal jelly       |       |     1 |       |       ||     1
       Bread ration      |       |       |     1 |       ||     1
Armor: Robe              |    12 |    21 |    21 |     5 ||    59
Dodge: Dodged            |    79 |   207 |   183 |    18 ||   487
